 Dungeon Crawl Stone Soup version 0.26.0-10-g1f06aea511 (webtiles) character file.

Game seed: 5696994032315060973

25 inc the Vexing (level 2, 0/11 HPs)
             Began as a Felid Enchanter on Jan 31, 2021.
             Slain by a hobgoblin
             ... wielding a +0 club
              (1 damage)
             ... on level 2 of the Dungeon.
             The game lasted 00:01:13 (1645 turns).

inc the Vexing (Felid Enchanter)                    Turns: 1645, Time: 00:01:14

Health: 0/11       AC:  1    Str:  4    XL:     2   Next: 86%
Magic:  6/6        EV: 19    Int: 16    God:
Gold:   34         SH:  0    Dex: 16    Spells: 4/5 levels left
                                        Lives:  0   Deaths: 0

rFire    . . .     SeeInvis +     - Unarmed
rCold    . . .     Faith    .   (shield unavailable)
rNeg     . . .     Spirit   .   (armour unavailable)
rPois    .         Reflect  .   (helmet unavailable)
rElec    .         Harm     .   (cloak unavailable)
rCorr    .         Rampage  .   (gloves unavailable)
Will     .....                  (boots unavailable)
Stlth    +++.......             (no amulet)
HPRegen  0.03/turn              (no ring)
MPRegen  0.10/turn              (no ring)

@: quick
A: very small, no armour, no weapons or thrown items, stealth, claws 1, fangs 3,
see invisible, speed 1, shaggy fur 1, sharp paws
a: no special abilities


You were on level 2 of the Dungeon.
You visited 1 branch of the dungeon, and saw 2 of its levels.

You collected 34 gold pieces.

Inventory:

Scrolls
 a - a scroll of remove curse {unknown}
Potions
 b - a potion of curing {unknown}


   Skills:
 + Level 3.7 Dodging
 - Level 4.0 Stealth
 + Level 2.1 Unarmed Combat
 - Level 2.0 Spellcasting
 - Level 4.4 Hexes


You had 4 spell levels left.
You knew the following spells:

 Your Spells              Type           Power        Failure   Level
a - Corona                Hex            16%          3%          1

Your spell library contained the following spells:

 Spells                   Type           Power        Failure   Level
 Confusing Touch          Hex            15%          11%         3
 Tukima's Dance           Hex            15%          11%         3
 Ensorcelled Hibernation  Hex/Ice        16%          13%         2
 Dazzling Flash           Conj/Hex       16%          26%         3


Dungeon Overview and Level Annotations

Branches:
Dungeon (2/15)

Altars:


Innate Abilities, Weirdness & Mutations

You cannot wear armour.
You are incapable of wielding weapons or throwing items.
Your paws allow you to move quietly. (Stealth)
You have sharp claws.
You have razor-sharp teeth.
You have supernaturally acute eyesight. (SInv)
You cover ground quickly.
You are covered in fur. (AC +1)
Your sharp claws are effective at attacking unaware monsters.


Message History

The dart slug is moderately wounded.
The dart slug misses you.
You scratch the dart slug.
The dart slug is almost dead.
The hobgoblin shouts!
The dart slug bites you.
You scratch the dart slug.
You kill the dart slug!
You scratch the hobgoblin but do no damage.
The hobgoblin closely misses you.
You barely miss the hobgoblin. The hobgoblin hits you with a +0 club.
Ouch! That really hurt!
* * * LOW HITPOINT WARNING * * *
You are too injured to fight recklessly!
You are too injured to fight recklessly!
You are too injured to fight recklessly!
You scratch the hobgoblin but do no damage.
The hobgoblin barely misses you.
You barely miss the hobgoblin. The hobgoblin hits you with a +0 club.
You die...

################ #.#
#...g@.........# ...##
#.###....#####.##.#..#
#.......##.#.....#
#.#.#.#.##.#.....#
#......(##.#.....#
...#.#.#.##.#....#
##.........#.######
##.#.#.#.##.....#
#####.#


You could see a hobgoblin.

Vanquished Creatures
  2 dart slugs
  3 bats (D:1)
  A giant cockroach (D:1)
  2 goblins (D:1)
  4 hobgoblins (D:1)
  A ball python (D:1)
  A frilled lizard (D:1)
  2 kobolds (D:1)
  5 rats (D:1)
21 creatures vanquished.

Notes
Turn   | Place    | Note
-------+----------+-------------------------------------------
     0 | D:1      | inc the Felid Enchanter began the quest for the Orb.
     0 | D:1      | Reached XP level 1. HP: 7/7 MP: 4/4
   396 | D:1      | Reached XP level 2. HP: 11/11 MP: 6/6
  1645 | D:2      | Slain by a hobgoblin

Illustrated notes

Levels and vault maps discovered:
D:1:      nzn_arrival_depleted_hourglass, layout_rooms, serial_co_window_serial,
          co_window_of_opportunity_a, co_window_paths_b, co_window_corner_a,
          co_window_paths_b, co_window_corner_a, co_window_broadway_a,
          co_window_of_opportunity_b, co_window_corner_ca, co_window_cross_2,
          co_window_broadway_a, co_window_broadway_b, glass_columns_a,
          glass_columns_c, glass_columns_b, glass_columns_a, glass_columns_a
D:2:      cheibrodos_old_hovel, layout_basic, grunt_temple_overflow_cloverleaf,
          serial_co_window_serial, co_window_corner_a, co_window_paths_a,
          co_window_paths_b, co_window_paths_b, co_window_corner_a,
          co_window_corner_ca, co_window_broadway_b, co_window_broadway_c,
          co_window_paths_e, co_window_sun, glass_columns_b, glass_columns_a,
          minmay_pentomino_t2

Skill      XL: |  1  2 |
---------------+-------+-----
Dodging        | 3 |  3.7
Unarmed Combat | 2 |  2.1
Stealth        | |  4.0
Spellcasting   | |  2.0
Hexes          | |  4.4

Action                   || total
-------------------------++-------
Melee: Unarmed           ||    54
       Bite              ||     1
 Stab: Sleeping          ||    10
Armor: Skin              ||     2
Dodge: Dodged            ||    33
